[Event "29th Bosnjaci Open 2025"]
[Site "Bosnjaci"]
[Date "2025.01.04"]
[Round "3.19"]
[White "Neferanovic, Ivan"]
[Black "Besedes, Danilo"]
[Result "0-1"]
[ECO "D02"]
[WhiteElo "1917"]
[BlackElo "2239"]
[Annotator "TA"]
[PlyCount "70"]
[EventDate "2025.01.04"]
[EventType "swiss"]
[EventCountry "CRO"]
[SourceTitle "playchess.com"]
[Source "ChessBase"]
[SourceQuality "1"]
[TimeControl "5400+30"]

1. d4 d5 2. Nc3 Bf5 3. Bf4 Nf6 4. e3 e6 5. Nf3 Bb4 6. a3 Bd6 7. Ne5 Nfd7 8. Bd3 {[%emt 0:00:55] White is slightly better.} Bg6 9. Qg4 (9. Nxg6 $14 hxg6 10. Bxd6 cxd6 11. Qg4) 9... Bxe5 $11 10. Bxe5 Nxe5 11. dxe5 Nd7 12. f4 Qe7 13. O-O O-O-O 14. b4 f6 15. Bxg6 hxg6 16. exf6 (16. Qxg6 $15 fxe5 17. f5) 16... gxf6 $17 17. Qxg6 $2 {[%emt 0:03:05] This costs White the game.} (17. Nb5 $17) 17... Rdg8 18. Qd3 Qg7 19. Rf2 (19. Qd2 {might work better.}) 19... Qh6 $19 ({Much less strong is} 19... f5 20. Qd4 Qh7 21. Kf1 Qxh2 22. Rd1) 20. g3 {[%emt 0:02:28] [#]} Rxg3+ $3 21. Kf1 Rh3 22. Ke2 Nb6 ({But not} 22... Rxh2 23. Raf1 $19) 23. Rh1 Nc4 24. Nd1 Qh5+ 25. Ke1 {[%emt 0:00:42] [#]} Nxe3 $1 26. Nxe3 {[%emt 0:06:39] [#]} d4 $1 27. Qxd4 Rd8 28. Qxd8+ (28. Qxa7 $2 {gets mated.} Rxe3+ 29. Kf1 Qd1+ 30. Kg2 Rg8#) 28... Kxd8 29. Rd2+ (29. Kd2 {is the only way for White.}) 29... Ke7 30. Re2 Kf7 31. Kd2 Qh6 32. Rf2 Qh4 33. Ke2 e5 34. fxe5 (34. Rhf1 $19) 34... Qe4 35. Rxf6+ Ke7 {[%emt 0:00:19] Weighted Error Value: White=0.53/Black=0.23 (precise) .  Loses game:     	White=1     	---        Mistake:       	White=5     	---        Inaccurate:     	White=2     	Black=3      OK:         	White=7     	Black=8      Best:        	White=2     	Black=2      Brilliant:      	---       	Black=2} 0-1

[Event "29th Bosnjaci Open 2025"]
[Site "Bosnjaci"]
[Date "2025.01.04"]
[Round "3.20"]
[White "Milanovic, Josip"]
[Black "Sipic, Hrvoje"]
[Result "0-1"]
[ECO "D02"]
[WhiteElo "1917"]
[BlackElo "2213"]
[Annotator "TA"]
[PlyCount "92"]
[EventDate "2025.01.04"]
[EventType "swiss"]
[EventCountry "CRO"]
[SourceTitle "playchess.com"]
[Source "ChessBase"]
[SourceQuality "1"]
[TimeControl "5400+30"]

1. d4 Nf6 2. Nf3 c5 3. c3 d5 4. Bf4 Nc6 5. e3 Nh5 6. Bg5 h6 7. Bh4 g5 8. Bg3 Nxg3 9. hxg3 Bg7 ({Black should play} 9... g4 $15 10. Nfd2 Qb6) 10. Nbd2 Qb6 11. Qb3 Qxb3 (11... g4 $142 12. Nh4 O-O) 12. axb3 $11 cxd4 13. exd4 Bf5 14. b4 O-O 15. Bb5 Rfc8 (15... a5 $11) 16. O-O (16. Nf1 $14 {should be considered.}) 16... a6 17. Ba4 (17. Be2 $11) 17... b5 $17 18. Bb3 e6 19. Ra2 a5 20. bxa5 Rxa5 (20... Nxa5 $2 21. Rfa1 $18) 21. Rxa5 Nxa5 22. Ra1 {[%emt 0:00:22] [#]} Nxb3 (22... Nc4 $142 $1 23. Bxc4 bxc4) 23. Nxb3 {[%emt 0:00:06] [#]} b4 $1 24. Nc5 bxc3 25. bxc3 g4 26. Nh4 Bh7 27. f4 gxf3 (27... Bf6 $17 28. Ra7 Bd8) 28. Nxf3 {[%emt 0:02:06] [#]} e5 29. Ra5 $11 e4 30. Ne1 Bf5 31. Nc2 Rb8 32. Nb4 $2 {[%emt 0:01:37][%mdl 8192] [#]} (32. Ra6 $11) 32... Bxd4+ $1 $19 33. cxd4 Rxb4 {[%emt 0:00:11][%mdl 4096] Endgame KRB-KRN. Black is a pawn up.} 34. Ra4 Rb1+ 35. Kf2 Rb2+ 36. Kf1 Kg7 37. Na6 e3 38. Nc5 {[%emt 0:03:52] Repels Bd3+} Bg4 39. Ra1 {[%emt 0:00:32] Repels Rb1+} Rd2 40. Re1 e2+ ({Less strong is} 40... Rxd4 41. Rxe3 Rd1+ 42. Kf2 $17) 41. Kf2 Rxd4 {[%emt 0:00:12] Hoping for ...Rd1.} 42. Nb3 Rd1 43. Nc1 d4 44. Nxe2 Rxe1 45. Kxe1 Bxe2 46. Kxe2 Kf6 0-1

[Event "29th Bosnjaci Open 2025"]
[Site "Bosnjaci"]
[Date "2025.01.05"]
[Round "4.1"]
[White "Saric, Ante"]
[Black "Kovacevic, Blazimir"]
[Result "1/2-1/2"]
[ECO "D94"]
[WhiteElo "2483"]
[BlackElo "2379"]
[Annotator "TA"]
[PlyCount "180"]
[EventDate "2025.01.04"]
[EventType "swiss"]
[EventCountry "CRO"]
[SourceTitle "playchess.com"]
[Source "ChessBase"]
[SourceQuality "1"]
[TimeControl "5400+30"]

1. Nf3 d5 2. e3 Nf6 3. c4 c6 4. Nc3 g6 5. b3 Bg7 6. Bb2 O-O 7. d4 Bf5 8. Bd3 Bxd3 9. Qxd3 Nbd7 10. O-O e6 11. e4 dxe4 12. Nxe4 Nxe4 13. Qxe4 Qc7 14. Rfe1 a5 15. Rad1 a4 16. Qb1 axb3 17. axb3 Rfe8 18. h3 b5 19. cxb5 cxb5 20. d5 exd5 21. Rxe8+ Rxe8 22. Bxg7 Kxg7 23. Rxd5 b4 24. Qd1 Nf6 25. Rd4 Qc3 26. Rc4 Qb2 27. Rxb4 Re2 28. Qd4 Qc1+ 29. Kh2 Re4 30. Qd6 Re6 31. Qf4 (31. Qd3 $14) 31... Qxf4+ $1 $11 32. Rxf4 Ne4 33. Nd4 Re8 34. g4 Nc5 35. Rf3 Rd8 36. Nc6 $1 Rd6 37. b4 Rxc6 38. Rc3 Rf6 (38... Kf6 $1 $11 {feels stronger.}) 39. bxc5 $16 Rxf2+ 40. Kg3 Ra2 41. c6 Ra8 42. Kf4 Kf6 43. c7 Rc8 44. Rc6+ (44. Rc1 $16) 44... Ke7 $11 45. Kg5 (45. g5 $5 Kd7 $8 46. Rc4 $11) 45... Kd7 46. Rc4 (46. Rc3 $5 f5 $8 47. gxf5 gxf5 48. Rd3+ (48. Kxf5 Rxc7 49. Re3 Rc5+ 50. Kg4 h5+ 51. Kf3 Rc6 $11) 48... Kxc7 49. Kxf5 $16) 46... f5 $1 (46... Rxc7 $2 {perishes.} 47. Rxc7+ Kxc7 48. Kf6 $18) 47. gxf5 gxf5 48. Rh4 (48. Kxf5 Rxc7 49. Ra4 Ke7) 48... Kxc7 49. Kxf5 Kd6 50. Rh6+ Kd5 51. Rxh7 Rf8+ 52. Kg6 Ke6 53. Ra7 Rg8+ 54. Kh7 Rg3 55. h4 Rh3 56. Ra4 Kf5 57. Kh6 Kf6 58. Rf4+ Ke5 59. Rg4 Kf6 60. h5 Kf7 61. Rg7+ Kf6 62. Ra7 Rh1 63. Ra5 Rg1 64. Ra7 Rh1 65. Rb7 Rh2 66. Rd7 Rh1 67. Rc7 Rh2 68. Rc5 Rg2 69. Rc6+ Kf7 70. Rg6 Rh2 71. Rg1 Rh3 72. Rg7+ Kf6 73. Rg5 Rh1 74. Rb5 Kf7 75. Kh7 Rg1 76. Rf5+ Ke7 77. h6 Rg2 78. Rf1 Rg3 79. Ra1 Kf7 80. Rf1+ Ke7 81. Kh8 Rg6 82. Rh1 Kf7 83. h7 Rg2 84. Rf1+ Ke7 85. Ra1 Kf7 86. Ra7+ Kf8 87. Ra8+ Kf7 88. Rg8 Rf2 89. Rg7+ Kf8 90. Rg1 Rf3 1/2-1/2

[Event "29th Bosnjaci Open 2025"]
[Site "Bosnjaci"]
[Date "2025.01.05"]
[Round "4.2"]
[White "Muratovic, Efim"]
[Black "Culum, Sanjin"]
[Result "1/2-1/2"]
[ECO "D02"]
[WhiteElo "2322"]
[BlackElo "2446"]
[Annotator "TA"]
[PlyCount "34"]
[EventDate "2025.01.04"]
[EventType "swiss"]
[EventCountry "CRO"]
[SourceTitle "playchess.com"]
[Source "ChessBase"]
[SourceQuality "1"]
[TimeControl "5400+30"]

1. Nf3 Nf6 2. d4 d5 3. Bf4 c5 4. e3 Nc6 5. Nbd2 Bg4 6. Be2 e6 7. O-O Bd6 8. Bxd6 Qxd6 9. dxc5 Qxc5 10. c4 dxc4 11. Rc1 O-O 12. Nxc4 Rfd8 13. Qb3 Qe7 14. h3 Bh5 15. Rfd1 Rd5 (15... h6 $11) 16. Rxd5 $16 exd5 {[%emt 0:00:53] [#]} (16... Nxd5 $14 17. g4 Bg6) 17. Ncd2 ({White should play} 17. Nd6 $1 $16) 17... Rd8 (17... Bxf3 $14 18. Nxf3 (18. Bxf3 Rd8 $14) 18... Rc8) 1/2-1/2

[Event "29th Bosnjaci Open 2025"]
[Site "Bosnjaci"]
[Date "2025.01.05"]
[Round "4.3"]
[White "Hadzovic, Amir"]
[Black "Zaja, Ivan"]
[Result "1/2-1/2"]
[ECO "A04"]
[WhiteElo "2316"]
[BlackElo "2418"]
[Annotator "TA"]
[PlyCount "96"]
[EventDate "2025.01.04"]
[EventType "swiss"]
[EventCountry "CRO"]
[SourceTitle "playchess.com"]
[Source "ChessBase"]
[SourceQuality "1"]
[TimeControl "5400+30"]

1. e4 e6 2. d3 c5 3. g3 Nc6 4. Bg2 g6 5. Nf3 Bg7 6. O-O Nge7 7. c3 O-O {[%emt 0:04:24] 7...0-0 has become a bit dusty these days.} 8. Re1 e5 9. Be3 {[%emt 0:01:01] A04: Unusual lines after 1 Nf3 and King's Indian Attack.} d6 10. d4 exd4 $1 11. cxd4 Bg4 12. dxc5 Bxf3 (12... Bxb2 13. Nbd2 Bxa1 14. Qxa1 dxc5 15. Bxc5) 13. Bxf3 Bxb2 14. Nd2 $1 Bxa1 15. Qxa1 dxc5 16. Nb3 $1 f6 $146 ({Predecessor:} 16... Qc7 17. Bh6 Qe5 18. Nxc5 Nd4 {0-1 Allaert,D (2136)-Hamitevici,V (2457) Bergamo op 13th 2014 (3)}) 17. Nxc5 Qc8 18. Bd1 Na5 19. Ba4 (19. Bd4 $1 $14) 19... Nec6 $15 20. Rd1 $1 Rf7 $1 21. Rd6 Qf8 22. Rxf6 $1 Qg7 $1 (22... Rxf6 $2 23. Nd7 $18) 23. Bg5 $1 (23. e5 $2 Nxe5 24. Ne4 (24. Rxf7 $2 Nf3+ 25. Kg2 Qxa1 $19) 24... Rxf6 $19) 23... Re8 24. e5 $2 (24. Ne6 $2 Rxe6 25. e5 Nxe5 $19 (25... Rxe5 $2 26. Rxf7 Qxf7 27. Be3 $19)) (24. Nxb7 $1 $11 Rxf6 (24... Rxe4 $2 25. Nd6 $18) 25. Nxa5) 24... Rxe5 $19 25. Rxf7 (25. Ne6 $2 Rxe6 26. Bh4 Rexf6 $19) 25... Qxf7 26. Be3 Qc4 27. Bxc6 Nxc6 28. Nd7 Rf5 29. Nf6+ Kf7 30. Nxh7 Ne5 31. h4 b6 $2 (31... Nf3+ $19 32. Kg2 Qc6) 32. Ng5+ $15 Ke7 33. a4 Qd5 34. Qc1 (34. Bf4 $11 {keeps the balance.}) 34... Qc6 35. Qa3+ Kd7 36. Qa1 (36. Bf4 $15) 36... Kc8 $19 37. Qd1 Nf3+ $2 (37... Rf8 $19 {Threatens to win with ...Rd8.} 38. Bf4 Rd8) 38. Nxf3 $11 Qxf3 39. Qd3 $2 {[%emt 0:03:48] [#]} (39. Qd6 $11 {and White is okay.}) 39... Rd5 $2 (39... Qc6 $1 $19 {[%cal Of5a5] Hoping for ...Ra5!} 40. Qa6+ Kb8 41. Bf4+ Ka8) 40. Qa6+ $1 $11 (40. Qxg6 $2 Rd1+ 41. Kh2 Qh1#) 40... Kd8 41. Bg5+ $1 Ke8 42. Qc8+ (42. Qxa7 $2 Rd1+ 43. Kh2 Qh1#) 42... Kf7 43. Qb7+ Kg8 44. Qa8+ (44. Qxa7 $2 {is a self mate.} Rd1+ 45. Kh2 Qh1#) 44... Kf7 45. Qxa7+ Kg8 46. Qa8+ (46. Qxb6 $2 {gets mated.} Rd1+ 47. Kh2 Qh1#) 46... Kf7 47. Qb7+ Kg8 48. Qa8+ (48. Qxb6 $2 {leads to mate.} Rd1+ 49. Kh2 Qh1#) 48... Kf7 1/2-1/2

[Event "29th Bosnjaci Open 2025"]
[Site "Bosnjaci"]
[Date "2025.01.05"]
[Round "4.4"]
[White "Pap, Misa"]
[Black "Ljubicic, Mario"]
[Result "1-0"]
[ECO "C84"]
[WhiteElo "2436"]
[BlackElo "2115"]
[Annotator "TA"]
[PlyCount "49"]
[EventDate "2025.01.04"]
[EventType "swiss"]
[EventCountry "CRO"]
[SourceTitle "playchess.com"]
[Source "ChessBase"]
[SourceQuality "1"]
[TimeControl "5400+30"]

1. e4 e5 2. Nf3 Nc6 3. Bb5 a6 4. Ba4 Nf6 5. d3 b5 6. Bb3 Be7 7. a4 Bb7 8. Nc3 b4 9. Nd5 Nxd5 10. Bxd5 d6 11. O-O a5 12. d4 exd4 13. Nxd4 Qd7 14. Re1 O-O (14... Rb8 $14) 15. Nf5 $18 Bf6 (15... g6 $142 16. Nh6+ Kg7) 16. Re3 Nd8 $2 (16... g6) 17. Qg4 {[%emt 0:04:46] Nh6+ is the strong threat.} Kh8 (17... Ne6 $142 18. Bxb7 Rad8) 18. Rh3 g6 {[%emt 0:01:14] [#] Prevents Qh5} 19. Rxh7+ $3 Kxh7 20. Qh3+ Bh4 21. Qxh4+ (21. Nxh4 $2 {perishes.} Qxh3 22. gxh3 Bxd5 23. exd5 Rh8 $19) 21... Kg8 22. Ne7+ (22. Bg5 $142 Qe6 23. Ne7+ (23. Bxe6 fxe6 24. Ne7+ Kf7 $18) 23... Qxe7 24. Bxe7 Ne6 25. Bf6 (25. Bxb7 f6 $18) 25... Ng7 26. Qh6 Bxd5 27. Qxg7#) 22... Qxe7 23. Qxe7 Bxd5 24. exd5 {[%emt 0:00:08][%cal Oc1h6] White wants to mate with Bh6!.} Nc6 25. Qf6 1-0

[Event "29th Bosnjaci Open 2025"]
[Site "Bosnjaci"]
[Date "2025.01.05"]
[Round "4.5"]
[White "Fercec, Nenad"]
[Black "Colev, Ivor"]
[Result "1/2-1/2"]
[ECO "B53"]
[WhiteElo "2382"]
[BlackElo "2169"]
[Annotator "TA"]
[PlyCount "157"]
[EventDate "2025.01.04"]
[EventType "swiss"]
[EventCountry "CRO"]
[SourceTitle "playchess.com"]
[Source "ChessBase"]
[SourceQuality "1"]
[TimeControl "5400+30"]

1. e4 c5 2. Nf3 d6 3. d4 cxd4 4. Qxd4 Nc6 5. Qe3 Nf6 6. Be2 g6 7. O-O Bg7 8. h3 O-O 9. Rd1 Nd7 10. Nc3 a6 11. Rb1 b5 12. b3 b4 13. Nd5 e6 14. Nf4 Qc7 15. Bb2 Nde5 16. Nd4 Nxd4 17. Bxd4 Bb7 18. Rbc1 Qc6 19. Bd3 a5 20. Ne2 Rfc8 21. f4 Bh6 22. Qg3 Nxd3 23. cxd3 Qb5 24. Qh4 Bg7 25. Bxg7 Kxg7 26. Nd4 Qb6 27. Qf2 Kg8 28. Nf3 Qxf2+ 29. Kxf2 Kf8 30. Ke3 Ke7 31. Nd2 Ba6 32. Nc4 Bxc4 33. dxc4 Rc5 34. Rd3 h5 35. Rcd1 Ra6 36. g4 hxg4 37. hxg4 Rb6 38. g5 Ra6 39. Rh1 Ra8 40. Rhd1 Ra6 41. Kf3 Rb6 $2 {[%emt 0:05:43] [#]} (41... a4 $11 {and Black stays safe.}) 42. Kg4 $2 ({Only move:} 42. e5 $1 $18) 42... Rbc6 43. R1d2 a4 $1 44. e5 (44. bxa4 Rxc4 45. Rd4 e5 46. fxe5 dxe5 47. Rd7+ Ke6 $19) 44... d5 45. cxd5 Rxd5 46. Rxd5 exd5 47. Rd4 a3 $1 48. Rxb4 (48. Rxd5 $2 Rc2 49. f5 Rxa2 $19) 48... Rc2 49. Rb7+ Ke6 50. Rb6+ Kd7 51. Rd6+ Ke7 52. Rxd5 Rxa2 53. Ra5 Ra1 54. Kg3 a2 55. Kg2 Ke6 56. b4 Kf5 57. b5 Kxf4 58. b6 Kg4 (58... Rb1 {simplifies} 59. Rxa2 Rxb6 60. Rf2+ Kxg5 61. Rxf7 Re6) 59. b7 (59. Kh2 $1 $11) 59... Rb1 $1 $15 (59... Kxg5 $2 {perishes.} 60. b8=Q (60. b8=R Re1 $18) 60... Rd1 61. e6+ (61. Rxa2 Rd5 $18) 61... f5 62. e7 $18 (62. Rxa2 Kh5 $18) (62. Qg3+ Kh5 63. Qf3+ Kg5 64. Qxd1 Kh6 65. Qd8 Kh5 66. Ra3 g5 67. Rh3+ Kg6 68. Qf8 a1=Q 69. Rh6#)) 60. Rxa2 Rxb7 (60... Kxg5 61. Ra7 $11) 61. Rf2 Kxg5 62. Kg3 Rb3+ (62... Kh6 $15) 63. Kg2 $11 Rb7 (63... Rb5 $11) 64. Kg3 $1 $15 Kh5 (64... Kh6 $15) 65. Rf6 (65. Rh2+ $1 $11 Kg5 66. Rf2) 65... Re7 $1 $15 66. Kf3 g5 ({Reject} 66... Rxe5 67. Rxf7 Kg5 68. Rb7 $11) (66... Kh6 $15) 67. Kg3 $11 Rxe5 68. Rxf7 Re3+ 69. Kg2 Kg4 70. Rf2 Ra3 71. Rc2 $1 Kh4 72. Rc4+ g4 73. Rc2 $1 Ra4 74. Rb2 g3 75. Rc2 Kg4 76. Rb2 Rf4 77. Ra2 Rf2+ 78. Rxf2 gxf2 79. Kxf2 1/2-1/2

[Event "29th Bosnjaci Open 2025"]
[Site "Bosnjaci"]
[Date "2025.01.05"]
[Round "4.6"]
[White "Vujnovic, Patricija"]
[Black "Kovac, Petar"]
[Result "0-1"]
[ECO "D40"]
[WhiteElo "2121"]
[BlackElo "2289"]
[Annotator "TA"]
[PlyCount "114"]
[EventDate "2025.01.04"]
[EventType "swiss"]
[EventCountry "CRO"]
[SourceTitle "playchess.com"]
[Source "ChessBase"]
[SourceQuality "1"]
[TimeControl "5400+30"]

1. d4 Nf6 2. Nf3 d5 3. e3 c5 4. c4 e6 5. Nc3 Nc6 6. a3 a6 7. dxc5 Bxc5 8. b4 Ba7 9. Bb2 O-O 10. Be2 d4 11. exd4 Nxd4 12. O-O e5 13. Nxe5 (13. c5 $14 {stays ahead.}) 13... Re8 $17 14. Nd3 (14. Nf3 $142 Nxe2+ 15. Nxe2) 14... Bf5 $1 $17 15. Nf4 Qd6 16. Nfd5 Nxd5 17. cxd5 Qg6 ({Black should try} 17... Nxe2+ $1 $17 18. Nxe2 Bg4) 18. Bh5 $15 Qg5 (18... Qh6 {simplifies} 19. Rc1 Rad8 20. Bg4 Bxg4 21. Qxg4 f5) 19. Rc1 $2 (19. Bc1 $15 Qf6 20. Bb2) 19... Rad8 $2 (19... Bh3 $19 20. Bf3 Qf4 (20... Re2 21. Qxe2 Nxe2+ 22. Nxe2 $19)) 20. Ne2 $15 Bc2 (20... Qxh5 $17 21. Bxd4 Rxd5) 21. Rxc2 $14 Nxc2 22. Bf3 Rc8 (22... Qg6 $14) 23. d6 $18 Red8 24. Bxb7 Rc4 25. Qd3 (25. Bxa6 Rc6 $14) (25. Nc3 $18 {has better winning chances.} Nxa3 26. Nd5 (26. Bxa6 Qg6 $16)) 25... Ne3 $16 26. Bc1 (26. fxe3 $16 Qxe3+ 27. Qxe3 Bxe3+ 28. Kh1) 26... Qf5 $11 27. Qxf5 (27. Bxe3 $2 Qxd3 28. Bxa7 Qxe2 $19) 27... Nxf5 28. Bxa6 Rc6 29. Bb7 (29. Bb5 $11 Rcxd6 30. g3) 29... Rcxd6 (29... Rc2 $15 30. Bf3 Nh4 (30... Rxd6 31. Re1 $17) (30... Nxd6 31. Rd1 $15)) 30. Bf4 Rd1 31. Ng3 Rxf1+ 32. Kxf1 Nd4 33. a4 ({White should try} 33. Bc1 $15) 33... Nc2 (33... Ne6 $19 {and Black stays clearly on top.} 34. Be5 Bd4 35. Bxd4 Rxd4) 34. b5 Bb6 (34... Rd4 $17 35. Bc7 Rd7 (35... Rxa4 36. b6 $11)) 35. Ne4 (35. Nf5 $11 {keeps the balance.}) 35... Rd4 $17 36. Be5 Rxa4 37. Nd6 (37. Bc6 $17 {was the only chance.}) 37... Bc7 (37... Bd4 $19 38. Bg3 Bc5) 38. Bc6 {[%emt 0:00:25] [#]} (38. Nxf7 $17 Bxe5 39. Nxe5) 38... Rb4 (38... Bxd6 $1 $19 39. Bxd6 Ra1+ 40. Ke2 Nd4+ 41. Kd2 Nxc6 (41... Rb1 $2 42. Bc5 $19) 42. bxc6 Ra6) 39. Ke2 {[%emt 0:00:29] [#]} (39. Nxf7 $17 Rb1+ 40. Ke2) 39... Nd4+ (39... f6 $1 $19 40. Bc3 Bxd6) 40. Bxd4 $17 Rxd4 41. Nf5 Rb4 42. Ne7+ Kf8 43. Nd5 Rb2+ 44. Kf3 (44. Kf1 $17 Bd6 (44... Bxh2 45. g3 $14) 45. Nb6) 44... Ba5 45. Nf4 Bb6 46. Ke4 (46. Nd3 $17 Rd2 47. Be4) 46... Rxf2 $19 47. h4 g6 48. Nd5 Bc5 49. b6 (49. g4 {might work better.}) 49... Rxg2 $19 50. b7 Bd6 51. Nf6 Ke7 52. Nxh7 Rg4+ 53. Kd5 Bb8 54. Ng5 Rxh4 55. Ne4 Rh2 56. Nc5 (56. Kc4 $142) 56... Rh5+ $19 57. Kc4 Kd6 0-1

[Event "29th Bosnjaci Open 2025"]
[Site "Bosnjaci"]
[Date "2025.01.05"]
[Round "4.7"]
[White "Ekmescic, Tarik"]
[Black "Zadravec, Matija"]
[Result "0-1"]
[ECO "B30"]
[WhiteElo "1967"]
[BlackElo "2283"]
[Annotator "TA"]
[PlyCount "54"]
[EventDate "2025.01.04"]
[EventType "swiss"]
[EventCountry "CRO"]
[SourceTitle "playchess.com"]
[Source "ChessBase"]
[SourceQuality "1"]
[TimeControl "5400+30"]

1. e4 c5 2. Nc3 Nc6 3. Bb5 Nd4 4. Nf3 a6 5. Bc4 e6 6. Nxd4 cxd4 7. Ne2 b5 8. Bb3 {[%emt 0:02:54] The position is equal.} (8. Bd3 $5) 8... Bc5 9. d3 Bb7 10. O-O Ne7 11. f4 f5 12. Ng3 {[%emt 0:02:52] aiming for exf5.} O-O 13. Qh5 Kh8 14. Qg5 Qe8 15. exf5 (15. a4 $15 {deserves consideration.}) 15... Nxf5 $17 16. Ne4 {[%emt 0:02:53] [#] Inhibits Rf6.} Be7 (16... Bb6 $142 $1 17. Kh1 Bc6) 17. Qg4 Nh6 18. Qe2 Qg6 $36 {[%emt 0:02:06][%mdl 2048] Black is more active.} 19. Bd2 Nf5 20. Rae1 (20. a4 $15) 20... Rac8 {[%emt 0:04:34] Black is more active.} (20... Bc6 $17 21. Ra1 b4) 21. a4 $15 Rf7 22. axb5 axb5 23. c3 Rff8 24. Ra1 $2 {[%emt 0:02:47] [#]} (24. Qf3 $15) 24... Bd8 (24... dxc3 $1 $19 {has better winning chances.} 25. bxc3 Bxe4 26. dxe4 Bc5+ 27. Rf2 (27. Kh1 $2 {gets mated.} Ng3+ 28. hxg3 Qh6+) 27... Bxf2+ 28. Kxf2 Nd6) 25. Kh1 Bb6 {[%emt 0:02:38] Prevents Ra7. Threatens to win with ...dxc3.} 26. Rfc1 (26. Qf3 $17) 26... dxc3 27. bxc3 Bxe4 {[%emt 0:00:20] Weighted Error Value: White=0.68/Black=0.23 (precise) .  Loses game:     	White=1     	---        Mistake:       	White=3     	Black=3      Inaccurate:     	White=5     	Black=3      OK:         	White=4     	Black=5      Best:        	White=1     	Black=1} 0-1

[Event "29th Bosnjaci Open 2025"]
[Site "Bosnjaci"]
[Date "2025.01.05"]
[Round "4.8"]
[White "Kukic, Lora"]
[Black "Vucenovic, Damian"]
[Result "0-1"]
[ECO "D02"]
[WhiteElo "1961"]
[BlackElo "2272"]
[Annotator "TA"]
[PlyCount "48"]
[EventDate "2025.01.04"]
[EventType "swiss"]
[EventCountry "CRO"]
[SourceTitle "playchess.com"]
[Source "ChessBase"]
[SourceQuality "1"]
[TimeControl "5400+30"]

1. d4 d5 2. Nf3 Nf6 3. Bf4 e6 4. e3 Bd6 5. Nbd2 b6 6. Ne5 Bb7 7. c3 Nbd7 8. Bb5 O-O 9. Nxd7 Nxd7 10. Bxd6 cxd6 11. Bxd7 Qxd7 12. Nf3 Ba6 13. h4 f5 14. Ng5 (14. Qc2 $11 {keeps the balance.}) 14... h6 $17 15. Nh3 e5 {[%emt 0:00:55] Against Nf4. Black is more active.} 16. Qf3 {[%emt 0:02:17] [#]} (16. f3 $17) 16... Bb7 (16... Qc6 $1 $19 {And now ...Rae8 would win.} 17. O-O-O Bc4) 17. O-O-O b5 18. Kb1 a5 19. Rhg1 b4 20. cxb4 $2 (20. Rc1 $17) 20... axb4 $19 21. b3 Ra5 (21... Qb5 $19 {[%cal Oa8a2] and Black stays clearly on top. ( -> ...Rxa2!)} 22. Rd2 f4) 22. g4 $2 (22. Rd2 $17 {might work better.}) 22... fxg4 23. Qxg4 Qxg4 24. Rxg4 Bc8 0-1

[Event "29th Bosnjaci Open 2025"]
[Site "Bosnjaci"]
[Date "2025.01.05"]
[Round "4.9"]
[White "Jakovic, Roko"]
[Black "Bobanac, Miro"]
[Result "1/2-1/2"]
[ECO "A52"]
[WhiteElo "2273"]
[BlackElo "2157"]
[Annotator "TA"]
[PlyCount "63"]
[EventDate "2025.01.04"]
[EventType "swiss"]
[EventCountry "CRO"]
[SourceTitle "playchess.com"]
[Source "ChessBase"]
[SourceQuality "1"]
[TimeControl "5400+30"]

1. d4 Nf6 2. c4 e5 3. dxe5 Ng4 4. Bf4 Nc6 5. Nf3 Bb4+ 6. Nbd2 Qe7 7. e3 Ngxe5 8. Nxe5 Nxe5 9. Be2 O-O 10. O-O Bxd2 11. Qxd2 d6 12. b4 a5 13. a3 Bf5 14. Qc3 Qf6 {[%emt 0:01:49][%cal Oe5f3] Hoping for ...Nf3+!.} 15. Kh1 (15. bxa5 $2 {is the wrong capture.} Nf3+ 16. Bxf3 Qxc3 $19) 15... Rfe8 (15... axb4 $5 16. axb4 Nd3 17. Qxf6 gxf6 $11) 16. Rfc1 g5 17. Bg3 Nd7 18. Qxf6 Nxf6 19. c5 Ne4 20. cxd6 cxd6 21. b5 Rac8 {[%emt 0:00:59] Prevents Rc7.} 22. b6 Nxg3+ 23. hxg3 Rxc1+ (23... Bc2 $11) 24. Rxc1 $11 {[%emt 0:00:13][%mdl 4096] Endgame KRB-KRB} Rc8 (24... Kf8 $16) 25. Rd1 $2 ({White must play} 25. Rxc8+ $18 Bxc8 26. Bf3) 25... Rc6 26. Rd5 Bg6 $1 27. Rb5 (27. Rxa5 Rxb6 28. Bf3 (28. Rxg5 Rb2 $11) 28... h6 $14) 27... Rc5 28. Rb2 Be4 29. Rd2 Rd5 30. Rb2 {[%emt 0:00:40] and f3 should not be overlooked} Rc5 31. Rb5 Bg6 32. Rxc5 1/2-1/2

[Event "29th Bosnjaci Open 2025"]
[Site "Bosnjaci"]
[Date "2025.01.05"]
[Round "4.10"]
[White "Grgantov, Marin"]
[Black "Topalic, Fran"]
[Result "1/2-1/2"]
[ECO "B12"]
[WhiteElo "2191"]
[BlackElo "1968"]
[Annotator "TA"]
[PlyCount "41"]
[EventDate "2025.01.04"]
[EventType "swiss"]
[EventCountry "CRO"]
[SourceTitle "playchess.com"]
[Source "ChessBase"]
[SourceQuality "1"]
[TimeControl "5400+30"]

1. e4 c6 2. d4 d5 3. e5 c5 4. Nf3 Bg4 5. dxc5 e6 6. c3 {[%emt 0:02:49] Black must now prevent Qa4+.} Nd7 7. Be3 Bxf3 8. Qxf3 Bxc5 9. Bxc5 Nxc5 10. Bb5+ Nd7 11. c4 Ne7 12. Nc3 O-O 13. Bxd7 Qxd7 14. cxd5 Nxd5 15. Rd1 Qc7 16. Nxd5 exd5 17. O-O Qxe5 18. Qxd5 Qxb2 19. Rb1 $1 Qa3 20. Rxb7 Rad8 21. Qb3 1/2-1/2

[Event "29th Bosnjaci Open 2025"]
[Site "Bosnjaci"]
[Date "2025.01.05"]
[Round "4.11"]
[White "Zufic, Miroslav"]
[Black "Babler, Jan"]
[Result "1-0"]
[ECO "B40"]
[WhiteElo "2313"]
[BlackElo "2059"]
[Annotator "TA"]
[PlyCount "83"]
[EventDate "2025.01.04"]
[EventType "swiss"]
[EventCountry "CRO"]
[SourceTitle "playchess.com"]
[Source "ChessBase"]
[SourceQuality "1"]
[TimeControl "5400+30"]

1. e4 c5 2. Nf3 e6 3. b3 d5 4. exd5 exd5 5. Bb5+ Bd7 6. Bxd7+ Qxd7 7. O-O Nf6 8. d4 Nc6 9. Re1+ Be7 10. Ba3 O-O 11. Bxc5 Bxc5 12. dxc5 Rfe8 (12... d4 $11) 13. Nc3 $16 d4 14. Rxe8+ ({White should play} 14. Nb5 $16) 14... Rxe8 $14 15. Ne2 Ne4 16. Nfxd4 Rd8 17. c3 Nxc5 (17... Nxc3 $14 18. Nxc3 Nxd4) 18. Qc2 $16 Ne5 19. h3 h6 20. Re1 Ncd3 21. Rd1 {[%emt 0:00:06][%cal Of2f4] Strongly threatening f4!.} Nc5 22. Nf4 Nc6 23. Rd2 {[%emt 0:02:08] White is more active.} Qd6 24. Nfe2 Re8 25. Nxc6 Qxc6 26. Rd1 Ne4 27. c4 Qf6 28. Ng3 Nxg3 29. fxg3 {[%emt 0:00:01][%mdl 4096] Endgame KQR-KQR. White is a pawn up.} Qe5 30. Kh2 b6 {[%emt 0:00:44] [#]} (30... g6 $16 31. Rd7 Re7 32. Rxe7 Qxe7) 31. Rd7 $1 $18 a5 {[%emt 0:00:31] [#]} (31... Re7 {keeps fighting.} 32. Rd5 Qe6) 32. Qf2 $1 f6 $2 (32... Qf6 33. Qxf6 gxf6) 33. Qxb6 Kh7 34. Qd4 Qg5 (34... Qxd4 $142 35. Rxd4 Kg6) 35. Qd3+ f5 (35... Qg6 $142 36. Qxg6+ Kxg6) 36. Rd5 Qc1 37. Qxf5+ Kg8 38. Rd7 Rf8 {[%emt 0:00:19] Inhibits Qf7+.} 39. Qd5+ Kh7 40. Qd3+ ({Worse is} 40. Qxa5 Rf1 $11) 40... Kg8 41. Rd8 Qa3 42. Qd5+ 1-0